 Dungeon Crawl Stone Soup version 0.30-a0-170-g85af917532 (webtiles) character file.

Game seed: 7991041833846737667

2 freelancePsychic the Trooper (level 1, -5/19 HPs)
             Began as a Draconian Chaos Knight on Sept 30, 2022.
             Was a Plaything of Xom.
             Slain by a mana viper (glowing shapeshifter) (9 damage)
             ... on level 1 of the Dungeon.
             The game lasted 00:00:23 (59 turns).

freelancePsychic the Trooper (Draconian Chaos Knight) Turns: 59, Time: 00:00:24

Health: -5/19      AC:  4    Str: 14    XL:     1   Next: 33%
Magic:  0/1        EV: 12    Int: 12    God:    Xom [..*...]
Gold:   4          SH:  0    Dex: 10    Spells: 0/0 levels left

rFire   . . .      SeeInvis .    a - +0 falchion (chaos)
rCold   . . .      Faith    .    (no shield)
rNeg    . . .      Spirit   .    (body armour unavailable)
rPois   .          Reflect  .    (helmet restricted)
rElec   .          Harm     .    (no cloak)
rCorr   .          Rampage  .    (no gloves)
Will    .....                    (no boots)
Stlth   +.........               (no amulet)
HPRegen 0.06/turn                (no ring)
MPRegen 0.07/turn                (no ring)

@: no status effects
A: AC +4, unfitting armour, cold-blooded
a: Renounce Religion


You were on level 1 of the Dungeon.
You worshipped Xom.
You were a toy of Xom.
You visited 1 branch of the dungeon, and saw 1 of its levels.

You collected 4 gold pieces.

Inventory:

Hand Weapons
 a - a +0 falchion of chaos (weapon)
Jewellery
 c - a ring of protection from fire
Miscellaneous
 b - a piece from Xom's chessboard (15/15) (quivered)


   Skills:
 + Level 3.3 Fighting
 * Level 3.1 Long Blades
 + Level 2.1 Dodging


You couldn't memorise any spells.
You didn't know any spells.
Your spell library was empty.

Dungeon Overview and Level Annotations

Branches:
Dungeon (1/15)

Altars:

Annotations:
D:1 1 transporter


Innate Abilities, Weirdness & Mutations

Your plain brown scales are hard. (AC +4)
You cannot fit into any form of body armour.
You are cold-blooded and may be slowed by cold attacks.


Message History

No target in view!
No target in view!
No target in view!
No target in view!
No target in view!
No target in view!
No target in view!
No target in view!
No target in view!
You now have 4 gold pieces.
c - a ring of protection from fire A dart slug comes into view.
A dart slug is nearby!
The dart slug launches a dart at you. The slug dart misses you.
You hit the dart slug.
The dart slug changes into a glowing shapeshifter!
Xom thinks this is hilarious!
The glowing shapeshifter changes into a mana viper!
You slash the mana viper! You burn the mana viper.
The mana viper is moderately wounded.
The mana viper bites you!
You feel your power leaking away.
You aren't carrying any scrolls.
The mana viper attacks as you move away!
The mana viper barely misses you. The mana viper bites you.
The mana viper attacks as you move away!
The mana viper bites you!
Ouch! That really hurt!
You die...
Xom is feeling generous.
Xom revives you! The mana viper barely misses you.
You aren't carrying any potions.
You aren't carrying any scrolls.
Unknown command.
You miss the mana viper.
The mana viper is lightly wounded.
The mana viper bites you!
You die...
Xom guffaws!

.....#..###..#.#######
.....#..# #..#.....##©..
...#.#.[# ##.#.....# ...
...#.#..# #..(....##.....
####.#..####.......#....#.
..............>..........
####.#.#####.#.......
.............#.#..####..
................@.......
.....######..#.#S.####..
####.# #...#.#..# #.#
#...#.#..# ..# .....#.#..#
### #.....#.#........
#.#...#.##.......
#.#...#.# ####...
#........ ..


You could see a mana viper shaped shifter.

Vanquished Creatures
  A ball python (D:1)
  A giant cockroach (D:1)
2 creatures vanquished.

Notes
Turn   | Place    | Note
-------+----------+-------------------------------------------
     0 | D:1      | freelancePsychic the Draconian Chaos Knight began the quest
                  | for the Orb.
     0 | D:1      | Reached XP level 1. HP: 19/19 MP: 1/1
    53 | D:1      | a dart slug changed into a glowing shapeshifter
    53 | D:1      | Noticed a glowing shapeshifter (glowing shapeshifter)
    53 | D:1      | a glowing shapeshifter changed into a mana viper
    53 | D:1      | Noticed a mana viper (glowing shapeshifter)
    58 | D:1      | Xom revived you
    59 | D:1      | Slain by a mana viper (glowing shapeshifter)

Illustrated notes

Levels and vault maps discovered:
D:1:      spicycebolla_arrival_risky_transporter, layout_basic,
          chequers_ecumenical_altar_lobes, minmay_curled_crystal,
          dreamdust_princess_bridge

Action                   || total
-------------------------++-------
Melee: Falchion          ||     6
Dodge: Dodged            ||     7

Table legend: (Time is in decaauts)
 A = Elapsed time spent in this place.
 B = Non-inter-level travel time spent in this place.
 C = Inter-level travel time spent in this place.
 D = Time resting spent in this place.
 E = Time spent auto-exploring this place.
 F = Levels seen in this place.
 G = Mean time per level.
                   A        B        C        D        E       F      G
               +--------+--------+--------+--------+--------+-----+--------+
         Total |     59 |     59 |      0 |      0 |     34 |   1 |   59.0 |
       Dungeon |     59 |     59 |      0 |      0 |     34 |   1 |   59.0 |
               +--------+--------+--------+--------+--------+-----+--------+

Top non-repeatable levels by time:
     D:1: 59 daAuts
